 Dungeon Crawl Stone Soup version 0.21.0-3-g78d12a8 (webtiles) character file.

88 Inkary the Slasher (level 4, 0/58 HPs)
             Began as a Minotaur Berserker on Jan 12, 2018.
             Was a Believer of Trog.
             Slain by a gnoll (5 damage)
             ... on level 2 of the Dungeon.
             The game lasted 00:02:19 (1460 turns).

Inkary the Slasher (Minotaur Berserker)             Turns: 1460, Time: 00:02:20

Health: 0/58       AC:  2    Str: 27    XL:     4   Next: 30%
Magic:  3/3        EV:  9    Int:  4    God:    Trog [**....]
Gold:   55         SH:  8    Dex: 10    Spells: 3/3 levels left

rFire    . . .     SeeInvis .   a - +0 falchion
rCold    . . .     Gourm    .   i - +0 shield
rNeg     . . .     Faith    .   b - +0 animal skin
rPois    .         Spirit   .   (helmet restricted)
rElec    .         Reflect  .   (no cloak)
rCorr    .         Harm     .   (no gloves)
MR       .....                  (no boots)
Stlth    ..........             (no amulet)
HPRegen  0.19/turn              (no ring)
MPRegen  0.08/turn              (no ring)

@: berserking, very quick
A: retaliatory headbutt, horns 2
a: Berserk, Trog's Hand, Burn Spellbooks, Renounce Religion


You were on level 2 of the Dungeon.
You worshipped Trog.
Trog was pleased with you.
You were hungry.

You visited 1 branch of the dungeon, and saw 3 of its levels.

You collected 55 gold pieces.

Inventory:

Hand Weapons
 a - a +0 falchion (weapon)
Armour
 b - a +0 animal skin (worn)
 i - a +0 shield (worn)
Scrolls
 e - 5 scrolls of identify {unknown}
 f - a scroll of blinking {unknown}
 g - 2 scrolls of remove curse {unknown}
Potions
 d - a potion of flight {unknown}
Comestibles
 c - 5 rations


   Skills:
 - Level 3.6 Fighting
 * Level 6.2 Long Blades
 - Level 2.4 Armour
 - Level 2.1 Dodging


You had 3 spell levels left.
You didn't know any spells.

Dungeon Overview and Level Annotations

Branches:
Dungeon (3/15)

Altars:


Innate Abilities, Weirdness & Mutations

You reflexively headbutt those who attack you in melee.
You have a pair of horns on your head.


Message History

The gnoll hits you with a spear! The goblin barely misses you.
You furiously retaliate!
You headbutt the goblin, but do no damage.
The gnoll hits you.
* * * LOW HITPOINT WARNING * * *
You climb upwards.
There is a stone staircase leading down here.
A red film seems to cover your vision as you go berserk!
You feel yourself moving faster!
You feel mighty!
You are feeling hungry.
The gnoll hits you but does no damage. The goblin barely misses you.
The gnoll hits you.
* * * LOW HITPOINT WARNING * * *
You slash the goblin!
You kill the goblin!
Trog accepts your kill. The gnoll hits you with a spear.
* * * LOW HITPOINT WARNING * * *
The gnoll hits you.
You die...

.......#####...#.##..............
.......# #...#.#########.######
.......# #...#.# #.# ..######
#.....# #.# ..##########.....#
#.# ..........##.....# ######.#
...######.##..#..# #.....<#
..............#g.# #.####.#
##)((..........)@# #.# #.#
#(#####..#####g## #.# #.# #(#
#..#####.#####.# #.#
#.#####..............# #.#
#........#####'##########.#
#.#####...........##......# ##.#
#........)..##.###### ..(#
#.(.........##.# ...#
#...........##.#


You could see 2 gnolls.

Vanquished Creatures
  2 adders (D:2)
  A gnoll (D:2)
  3 oozes (D:1)
  An adder skeleton (D:2)
  2 worms (D:2)
  5 giant cockroaches
  4 goblins
  4 hobgoblins
  7 bats
  3 frilled lizards
  6 kobolds
  4 rats (D:1)
42 creatures vanquished.

Notes
Turn   | Place    | Note
-------+----------+-------------------------------------------
     0 | D:1      | Inkary the Minotaur Berserker began the quest for the Orb.
     0 | D:1      | Reached XP level 1. HP: 19/19 MP: 0/0
     8 | D:1      | Reached skill level 4 in Long Blades
    48 | D:1      | Reached XP level 2. HP: 17/26 MP: 1/1
   386 | D:1      | Reached skill level 5 in Long Blades
   399 | D:1      | Reached XP level 3. HP: 19/31 MP: 2/2
   621 | D:2      | Reached ** piety under Trog
  1042 | D:2      | Reached skill level 6 in Long Blades
  1042 | D:2      | Reached XP level 4. HP: 39/39 MP: 3/3
  1460 | D:2      | Slain by a gnoll

Skill      XL: |  1  2  3 |
---------------+----------+-----
Long Blades    | 4 5 6 |  6.2
Fighting       | |  3.6
Armour         | |  2.4
Dodging        | |  2.1

Action                   |  1- 3 |  4- 6 || total
-------------------------+-------+-------++-------
Melee: Falchion          |    75 |     6 ||    81
       Headbutt          |    11 |     1 ||    12
Invok: Berserk           |     1 |     1 ||     2
 Stab: Sleeping          |     2 |       ||     2
  Eat: Chunk             |     1 |     2 ||     3
Armor: Animal skin       |    17 |     3 ||    20
Dodge: Dodged            |    47 |     8 ||    55
Block: Shield            |       |     4 ||     4
       Rpst.: Falchion   |    13 |     1 ||    14
